 Dungeon Crawl Stone Soup version 0.30.0-19-g36f170ea60 (webtiles) character file.

Game seed: 16371306880756656429

143 GimliDwarf the Gusty (level 5, -3/28 HPs)
             Began as a Tengu Air Elementalist on May 31, 2023.
             Killed by nerve-wracking pain
             ... invoked by an orc priest
              (13 damage)
             ... on level 4 of the Dungeon.
             The game lasted 00:10:40 (2858 turns).

GimliDwarf the Gusty (Tengu Air Elementalist)       Turns: 2858, Time: 00:10:41

Health: -3/28      AC:  2    Str:  9    XL:     5   Next: 25%
Magic:  5/10       EV: 15    Int: 17    God:
Gold:   196        SH:  0    Dex: 14    Spells: 2/10 levels left

rFire   . . .        h - +2 short sword (freeze)
rCold   . . .        (no shield)
rNeg    . . .        a - +0 robe
rPois   .            (helmet restricted)
rElec   .            (no cloak)
rCorr   .            (no gloves)
SInv    .            (boots unavailable)
Will    .....        (no amulet)
Stlth   ++           (no ring)
HPRegen 0.24/turn    (no ring)
MPRegen 0.12/turn

%: no passive effects
@: flying quickly and evasively, quick
A: beak, talons 3, nimble flight
a: no special abilities


You were on level 4 of the Dungeon.
You visited 1 branch of the dungeon, and saw 4 of its levels.

You collected 196 gold pieces.

Inventory:

Hand Weapons
 h - a +2 short sword of freezing (weapon)
Missiles
 e - 4 poisoned darts
 i - 6 datura-tipped darts
Armour
 a - a +0 robe (worn)
Scrolls
 f - a scroll of fog {unknown}
 k - a scroll of vulnerability {unknown}
Potions
 b - a potion of magic
 c - a potion of cancellation
 d - a potion of invisibility
 g - a potion of berserk rage
 l - a potion of flight {unknown}
 m - a potion of heal wounds {unknown}
 n - a potion of mutation {unknown}


   Skills:
 + Level 0.2 Fighting
 + Level 1.2 Short Blades
 + Level 2.8 Dodging
 + Level 2.5 Stealth
 * Level 3.3 Spellcasting
 + Level 2.0 Conjurations
 * Level 0.2 Necromancy
 * Level 5.1 Air Magic


You had 2 spell levels left.
You knew the following spells:

 Your Spells              Type           Power      Damage    Failure   Level
a - Shock                 Conj/Air       60%        1d6       4%          1
b - Static Discharge      Conj/Air       30%        2-4/arc   6%          2
c - Airstrike             Air            10%        2d(2-18)  21%         4
d - Necrotise             Necr           12%        1d4       16%         1

Your spell library contained the following spells:

 Spells                   Type           Power      Damage    Failure   Level
 Apportation              Tloc           4%         N/A       17%         1
 Slow                     Hex            8%         N/A       17%         1
 Summon Small Mammal      Summ           8%         N/A       17%         1
 Swiftness                Air            20%        N/A       6%          3
 Vampiric Draining        Necr           3%         2d6       43%         3
 Call Canine Familiar     Summ           2%         N/A       45%         3
 Confusing Touch          Hex            2%         N/A       45%         3
 Portal Projectile        Hex/Tloc       4%         N/A       45%         3
 Leda's Liquefaction      Hex/Erth       1%         N/A       86%         4
 Conjure Ball Lightning   Conj/Air       7%         3x3d6     99%         6
 Discord                  Hex            1%         N/A       100%        8
 Disjunction              Tloc           1%         N/A       100%        8


Dungeon Overview and Level Annotations

Branches:
Dungeon (4/15)
 Temple: D:4-7

Altars:
Kikubaaqudgha
Xom

Shops:
D:4 (

Annotations:
D:3 1 runed translucent door, Darkkill's ghost, amateur MiHu


Innate Abilities, Weirdness & Mutations

You have a beak for a mouth.
You have claws for feet.
Your magical nature lets you fly swiftly and evasively.


Message History

The orc is moderately wounded.
The zap hits the orc.
The orc is moderately wounded.
Unknown command.
Aiming: Shock (safe; 4% risk of failure)
Press: ? - help, Q - select action, (/) - cycle Shift-Dir - straight line, f/p - orc priest
Aim: an orc priest, wielding a +0 hand axe and wearing a +0 ring mail (lightly wounded, 75% to hit)
The zap hits the orc.
The orc is heavily wounded.
The zap misses the orc priest.
The zap hits the orc.
You kill the orc!
The orc priest casts a cantrip, but nothing happens.
Aiming: Shock (safe; 4% risk of failure)
Press: ? - help, Q - select action, (/) - cycle Shift-Dir - straight line, f/p - orc priest
Aim: an orc priest, wielding a +0 hand axe and wearing a +0 ring mail (lightly wounded, 75% to hit)
The zap hits the orc.
The orc is severely wounded.
The zap hits the orc priest.
The orc priest is moderately wounded.
The orc closely misses you.
Aiming: Shock (safe; 4% risk of failure)
Press: ? - help, Q - select action, (/) - cycle Shift-Dir - straight line, f/p - orc priest
Aim: an orc priest, wielding a +0 hand axe and wearing a +0 ring mail (moderately wounded, 75% to hit)
The zap hits the orc.
You kill the orc!
The zap hits the orc priest.
The orc priest is heavily wounded.
The orc priest mumbles some strange prayers to Beogh against you.
Pain shoots through your body!
Aiming: Shock (safe; 4% risk of failure)
Press: ? - help, Q - select action, (/) - cycle Shift-Dir - straight line, f/p - orc priest
Aim: an orc priest, wielding a +0 hand axe and wearing a +0 ring mail (heavily wounded, 75% to hit)
The zap hits the orc priest.
The orc priest is severely wounded.
You hit the orc priest but do no damage.
You claw the orc priest, but do no damage.
The orc priest is severely wounded.
The orc priest invokes the aid of Beogh against you.
Pain shoots through your body!
You die...

#.# #.# #.### #.#.. #
#)#.########.##
#.#.......)...#
#o#.#...#.# .
##@#.......##...#
###........<.......#
...............##.#..#
.........∩.....# .#
#####.##.......... ..
#. #.#...####. (. #.
#.#..... . #.
#.#[...... #......./.


You could see an orc priest.

Vanquished Creatures
  A jelly (D:4)
  2 adders
  3 worms
  A dart slug (D:1)
  2 orcs (D:4)
  9 ball pythons
  8 bats
  A bat zombie (D:3)
  8 endoplasms
  7 giant cockroaches
  2 goblins
  2 hobgoblins (D:2)
  5 jackals
  4 quokkas
  2 frilled lizards
  4 kobolds
  13 rats
  2 rat zombies (D:3)
76 creatures vanquished.

Notes
Turn   | Place    | Note
-------+----------+-------------------------------------------
     0 | D:1      | GimliDwarf the Tengu Air Elementalist began the quest for
                  | the Orb.
     0 | D:1      | Reached XP level 1. HP: 10/10 MP: 4/4
     1 | D:1      | Found a runed translucent door.
   245 | D:1      | Reached XP level 2. HP: 15/15 MP: 3/6
   396 | D:1      | Learned a level 2 spell: Static Discharge
   414 | D:1      | Found a faded altar of an unknown god.
   594 | D:1      | You fall into a shaft and drop 1 floor!
   993 | D:1      | Reached XP level 3. HP: 19/19 MP: 4/7
  1217 | D:2      | Found a shimmering altar of Xom.
  1685 | D:2      | Reached XP level 4. HP: 24/24 MP: 9/9
  1931 | D:2      | Learned a level 4 spell: Airstrike
  2160 | D:3      | Reached skill level 5 in Air Magic
  2300 | D:3      | Found a runed translucent door.
  2300 | D:3      | Noticed Darkkill's ghost (amateur MiHu)
  2646 | D:3      | Found an ancient bone altar of Kikubaaqudgha.
  2768 | D:3      | Learned a level 1 spell: Necrotise
  2769 | D:4      | Found Wotegant's Antique Weapon Emporium.
  2780 | D:4      | Reached skill level 1 in Short Blades
  2780 | D:4      | Gained mutation: Your magical nature lets you fly swiftly
                  | and evasively. [Tengu growth]
  2780 | D:4      | Reached XP level 5. HP: 28/28 MP: 3/10
  2858 | D:4      | Killed from afar by an orc priest

Illustrated notes

Levels and vault maps discovered:
D:1:      dpeg_arrival_caged_fury, layout_loops_corners, basic_ecumenical_altar,
          st_stairs_3
D:2:      layout_basic, basic_altar, minmay_tiny_reverse_x
D:3:      layout_rooms, lemuel_zombie_altar_kikubaaqudgha,
          hellmonk_ghost_happy_afterlife, saegor_snake_ambush
D:4:      layout_loops_ring, general_overflow_altar, minitemple,
          minmay_temple_entry_mini_moons, serial_shops, shop, shop,
          shop_fountains, uniq_robin, uniq_menkaure

Skill      XL: |  1  2  3  4 |
---------------+-------------+-----
Spellcasting   | 3 |  3.3
Air Magic      | 5 |  5.1
Short Blades   | 1 |  1.2
Conjurations   | 2 |  2.0
Fighting       | |  0.2
Dodging        | |  2.8
Stealth        | |  2.5
Necromancy     | |  0.2

Action                     |  1- 3 |  4- 6 || total
---------------------------+-------+-------++-------
  Melee: Dagger            |     2 |       ||     2
         Kick              |     5 |     9 ||    14
         Short sword       |    23 |    40 ||    63
         Peck              |     3 |     4 ||     7
         Punch             |     1 |       ||     1
   Cast: Shock             |    62 |    32 ||    94
    Use: Scroll            |       |     7 ||     7
   Stab: Sleeping          |     1 |     1 ||     2
 Armour: Robe              |     6 |     8 ||    14
  Dodge: Dodged            |    17 |    21 ||    38
